AoeStats
← Random

Arabia

508081883Analyzed
4v4 RM · 12d ago on Sep 20, 2026· 21m 19s· 8 players
Game mode
Random Map
Map size
Large (8 player)
Population
200
Speed
Normal
Resources
Standard
Victory
Conquest
Starting age
Dark Age
Ending age
Imperial Age
RankedLock teamsTeams togetherTeam positionsShared explorationLock speedFull tech treeHidden civsTurbo modeCheats
Victory
Defeat
🇲🇽 Magyars · Mexico
1698
+12
🇲🇽 Maya · Mexico
1593
+17
🇲🇽 Ethiopians · Mexico
1538
+20
🇲🇽 Franks · Mexico
1234
+29
🇵🇪 Maya · Peru
1657
-21
🇪🇸 Khmer · Spain
1584
-19
🇺🇸 Mongols · United States
1583
-19
🇺🇸 Aztecs · United States
1580
-19
YOGRANNYCANTSCRAP
6:20 Loom
8:25 Feudal Age
9:29 Double-Bit Axe
13:28 Forging
13:31 Scale Barding Armor
Random
6:08 Loom
9:24 Feudal Age
13:17 Fletching
TandemTooth
9:02 Feudal Age
9:32 Double-Bit Axe
10:13 Horse Collar
12:25 Loom
15:37 Scale Barding Armor
21:44 Bloodlines
CopoDeNieve
0:26 Loom
10:33 Feudal Age
19:14 Fletching
20:11 Town Watch
MZTK | Puppet
7:15 Loom
9:19 Feudal Age
21:51 Castle Age
20:18 Forging
20:59 Scale Barding Armor
21:12 Double-Bit Axe
21:20 Gold Mining
MZTK |Kiss
6:20 Loom
9:01 Feudal Age
9:38 Double-Bit Axe
17:56 Scale Barding Armor
21:19 Castle Age
20:37 Bloodlines
MZTK | UVA
0:26 Loom
10:17 Feudal Age
10:48 Man-at-Arms
16:29 Fletching
19:19 Double-Bit Axe
MZTK | Vitaminas
6:14 Loom
9:08 Feudal Age
11:31 Fletching
22:15 Castle Age
20:30 Padded Archer Armor
Connection lost

Rejoining the realm…

Still unreachable

The connection could not be restored.

Session expired

The server has moved on; the page needs a fresh start.